AoeStats
← Demax

Arabia

510239029Analyzed
1v1 RM · 23h ago on Sep 30, 2026· 59m 32s· 2 players
Game mode
Random Map
Map size
Tiny (2 player)
Population
200
Speed
Normal
Resources
Standard
Victory
Conquest
Starting age
Dark Age
Ending age
Imperial Age
RankedLock teamsTeams togetherTeam positionsShared explorationLock speedFull tech treeHidden civsTurbo modeCheats
Victory
Defeat
🇦🇷 Armenians · Argentina
1206
+17
🇨🇷 Byzantines · Costa Rica
1234
-17
Pablengue
8:36 Loom
12:26 Feudal Age
17:28 Castle Age
15:46 Double-Bit Axe
18:28 Gold Mining
20:07 Scale Mail Armor
20:51 Squires
22:40 Bow Saw
23:21 Fervor
22:44 Man-at-Arms
23:41 Gambesons
23:44 Long Swordsman
26:07 Forging
26:10 Town Watch
26:33 Gambesons
27:23 Redemption
26:45 Two-Handed Swordsman
29:32 Wheelbarrow
30:30 Arson
33:06 Town Patrol
34:11 Iron Casting
34:42 Hand Cart
34:31 Fletching
36:54 Murder Holes
37:37 Horse Collar
38:33 Gold Shaft Mining
37:49 Stone Mining
38:38 Bodkin Arrow
39:18 Padded Archer Armor
40:07 Ballistics
39:58 Fortified Wall
39:59 Masonry
41:16 Leather Archer Armor
42:20 Treadmill Crane
51:16 Imperial Age
51:19 Capped Ram
52:22 Conscription
51:31 Elite Composite Bowman
52:12 Bracer
53:14 Chemistry
53:32 Ring Archer Armor
52:28 Siege Ram
54:41 Pikeman
56:05 Chain Mail Armor
57:51 Halberdier
59:03 Plate Mail Armor
60:55 Blast Furnace
Demax
5:08 Loom
13:14 Feudal Age
18:34 Castle Age
17:20 Double-Bit Axe
17:16 Horse Collar
19:24 Elite Skirmisher
20:32 Fletching
20:42 Padded Archer Armor
20:28 Pikeman
24:31 Gold Mining
24:32 Stone Mining
24:53 Bow Saw
29:13 Scale Barding Armor
29:18 Forging
30:45 Squires
31:28 Iron Casting
31:15 Chain Barding Armor
30:55 Scale Mail Armor
48:47 Imperial Age
46:43 Light Cavalry
47:24 Husbandry
49:16 Wheelbarrow
49:26 Hussar
50:49 Plate Barding Armor
51:17 Conscription
52:51 Hand Cart
54:21 Leather Archer Armor
54:01 Bodkin Arrow
56:15 Bracer
56:45 Ring Archer Armor
57:46 Ring Archer Armor
Connection lost

Rejoining the realm…

Still unreachable

The connection could not be restored.

Session expired

The server has moved on; the page needs a fresh start.